[Event "Early-Titled-Tuesday-Blitz-February-06-2024"]
[Site "Chess.com"]
[Date "2024.02.06"]
[Round "9"]
[White "SharapovEvgeny"]
[Black "agvania123"]
[Result "1/2-1/2"]
[WhiteElo "2531"]
[BlackElo "2350"]
[TimeControl "180+1"]
[EndTime "9:41:17 PST"]
[Termination "Game drawn by repetition"]

1. e4 d5 2. exd5 Qxd5 3. Nc3 Qd8 4. d4 Nf6 5. Nf3 Bg4 6. h3 Bxf3 7. Qxf3 c6 8. Be3 e6 9. O-O-O Bb4 10. Ne4 Nxe4 11.
Qxe4 Qd5 12. Qxd5 cxd5 13. c3 Bd6 14. g4 h5 15. Be2 h4 16. f4 Nd7 17. Kd2 g6 18. f5 gxf5 19. gxf5 e5 20. dxe5 Nxe5 21.
Bd4 Rg8 22. Rhg1 Ke7 23. Rdf1 f6 24. Kc2 b6 25. Rxg8 Rxg8 26. Rg1 Rxg1 27. Bxg1 Bc5 28. Bh2 Bd6 29. Bf4 Nf7 30. Bd2 Ng5 31. Bf1 Ne4 32. Bg2 Nxd2 33. Kxd2 Bf4+ 34. Kd3 Kd6 35. b3 Ke5 36. Bf3 Bg3 37. Bg2 Bf4 38. Bf3 Bg3 39. Bh1 Bf4 40. Bg2 Bg3 41. Bf3 Bf4 42. Bg2 Bg3 43.
Bh1 Bf4 44. Bg2 1/2-1/2

[Event "Early-Titled-Tuesday-Blitz-February-06-2024"]
[Site "Chess.com"]
[Date "2024.02.06"]
[Round "9"]
[White "The_Machine04"]
[Black "Cheer_Down"]
[Result "1-0"]
[WhiteElo "2709"]
[BlackElo "2522"]
[TimeControl "180+1"]
[EndTime "9:41:20 PST"]
[Termination "The_Machine04 won by resignation"]

1. d4 Nf6 2. Nf3 e6 3. Nbd2 c5 4. e3 d5 5. c3 Nbd7 6. Bd3 b6 7. Ne5 Bb7 8. f4 Bd6 9. Qf3 Qc7 10. O-O Nf8 11. g4 g6 12. g5 Nh5 13.
Bb5+ Ke7 14. a4 a6 15. Bd3 Nd7 16. Qh3 Rag8 17. Ndf3 h6 18. gxh6 Rxh6 19. Ng5 Nf8 20. Nexf7 1-0

[Event "Early-Titled-Tuesday-Blitz-February-06-2024"]
[Site "Chess.com"]
[Date "2024.02.06"]
[Round "9"]
[White "CristianS27"]
[Black "jcreyes69"]
[Result "1-0"]
[WhiteElo "2569"]
[BlackElo "2392"]
[TimeControl "180+1"]
[EndTime "9:41:25 PST"]
[Termination "CristianS27 won by checkmate"]

1. e4 c5 2. Nf3 e6 3. d4 cxd4 4. Nxd4 Nc6 5. Be2 Qc7 6. O-O a6 7. Nc3 b5 8. Kh1 Bb7 9. Nxc6 Bxc6 10. Bf3 d6 11. Re1 Nf6 12. Nd5 Be7 13. Nxc7+ Kd7 14. Nxa8 Rxa8 15. e5 Bxf3 16. Qxf3 Nd5 17. exd6 Bf6 18.
a4 b4 19. a5 Rc8 20. Qd3 Rc6 21. Bd2 Rxd6 22. Qxh7 Rc6 23. Rad1 Kc7 24. Qg8 Kb7 25. Qxf7+ Nc7 26. Bxb4 Bxb2 27. Bd6 Rxc2 28. Bxc7 Rxc7 29. Rd7 Rxd7 30. Qxd7+ Ka8 31. Rxe6 Be5 32. Re8+ Bb8 33. Qc7 g5 34. Rxb8# 1-0

[Event "Early-Titled-Tuesday-Blitz-February-06-2024"]
[Site "Chess.com"]
[Date "2024.02.06"]
[Round "9"]
[White "Der_Balak_3Halak"]
[Black "alexrustemov"]
[Result "0-1"]
[WhiteElo "2506"]
[BlackElo "2738"]
[TimeControl "180+1"]
[EndTime "9:41:29 PST"]
[Termination "alexrustemov won by resignation"]

1. e4 e6 2. d4 d5 3. exd5 exd5 4. Bd3 Nc6 5. c3 Bd6 6. Ne2 Qh4 7. Nd2 Bg4 8. g3 Qh3 9. Nf1 Qg2 10. Rg1 Qxg1 11. Nxg1 Bxd1 12. Kxd1 Nf6 13. Ne2 O-O 14. Ne3 Rfe8 15.
Kc2 Ne7 16. Bd2 c6 17. g4 Ng6 18. Nf5 Bxh2 19. f4 Nxg4 20. Rh1 h5 21. Nd6 Re7 22.
Bf5 Rxe2 0-1

[Event "Early-Titled-Tuesday-Blitz-February-06-2024"]
[Site "Chess.com"]
[Date "2024.02.06"]
[Round "9"]
[White "betta2004"]
[Black "carloseduar100"]
[Result "0-1"]
[WhiteElo "2523"]
[BlackElo "2345"]
[TimeControl "180+1"]
[EndTime "9:41:29 PST"]
[Termination "carloseduar100 won by resignation"]

1. d4 d5 2. Nc3 Nf6 3. Bf4 Bf5 4. e3 e6 5. f3 Bd6 6. g4 Bxf4 7. exf4 Bg6 8. h4 h5 9. g5 Nfd7 10. Bd3 Bxd3 11.
Qxd3 g6 12. Nge2 Nc6 13. O-O-O Qe7 14. Ng3 O-O-O 15. Rhe1 a6 16. Nxd5 Qd6 17. Ne3 Qxf4 18. Ne4 Nde5 19. Qe2 Nxd4 20. Rxd4 Rxd4 21. Nf6 Rhd8 22.
b3 Qxf3 23. Qh2 Qf4 24. Qh1 Ng4 25. Nxg4 hxg4 26. Kb2 Rd2 27. Nc4 Qd4+ 28. Ka3 Rxc2 29. Re5 Rxc4 0-1

[Event "Early-Titled-Tuesday-Blitz-February-06-2024"]
[Site "Chess.com"]
[Date "2024.02.06"]
[Round "9"]
[White "nihalsarin"]
[Black "Elsa167"]
[Result "1-0"]
[WhiteElo "3114"]
[BlackElo "2875"]
[TimeControl "180+1"]
[EndTime "9:41:33 PST"]
[Termination "nihalsarin won by resignation"]

1. a3 e5 2. c4 g6 3. b4 Bg7 4. Bb2 d6 5. g3 f5 6. Bg2 Nf6 7.
d3 O-O 8. Nf3 Nc6 9. O-O h6 10.
Nc3 g5 11. Nd2 Ne7 12. e3 Ng6 13. Rc1 c6 14. b5 Bd7 15. a4 g4 16. Ba3 Qe7 17. a5 a6 18. bxc6 bxc6 19. Rb1 Rab8 20. Rb6 Rxb6 21. axb6 Rb8 22. Qb3 h5 23. c5+ d5 24. e4 f4 25. exd5 f3 26. Nxf3 gxf3 27. Bxf3 cxd5 28. c6 Qd8 29. Nxd5 Be6 30. c7 Qxc7 31.
Nxf6+ 1-0

[Event "Early-Titled-Tuesday-Blitz-February-06-2024"]
[Site "Chess.com"]
[Date "2024.02.06"]
[Round "9"]
[White "JeFumeDesClopes"]
[Black "bogcsab"]
[Result "0-1"]
[WhiteElo "2585"]
[BlackElo "2508"]
[TimeControl "180+1"]
[EndTime "9:41:35 PST"]
[Termination "bogcsab won by resignation"]

1. Nf3 d6 2. d4 Nf6 3. g3 g6 4. Bg2 Bg7 5. O-O O-O 6. b3 Nbd7 7. Bb2 Qe8 8. c4 e5 9. dxe5 dxe5 10. Nc3 c6 11. Ng5 Qe7 12. Nge4 Nxe4 13. Nxe4 f5 14. Nd6 Nc5 15. Ba3 b6 16. Bxc6 Rb8 17. Nxc8 Rbxc8 18. Bd5+ Kh8 19. Qc2 f4 20. Rad1 g5 21. Bb2 g4 22. Be4 f3 23. exf3 gxf3 24. Bxh7 Qe6 25. Kh1 Qh3 26. Rg1 Qxh7 27. Qxh7+ Kxh7 28. Rd5 Rcd8 0-1

[Event "Early-Titled-Tuesday-Blitz-February-06-2024"]
[Site "Chess.com"]
[Date "2024.02.06"]
[Round "9"]
[White "NovakRatko"]
[Black "cristiano78"]
[Result "0-1"]
[WhiteElo "2400"]
[BlackElo "2292"]
[TimeControl "180+1"]
[EndTime "9:41:35 PST"]
[Termination "cristiano78 won by resignation"]

1. d4 Nf6 2. c4 g6 3. Nc3 Bg7 4. e4 d6 5. f3 O-O 6. Be3 Nc6 7. Qd2 a6 8. Nge2 Rb8 9. g4 b5 10.
Ng3 e5 11. d5 Nd4 12. Kf2 bxc4 13. Bxc4 Bxg4 14. fxg4 Nxg4+ 15. Kf1 Rxb2 16. Qxb2 Nxe3+ 17. Ke1 Nxc4 18. Qe2 Nb6 19. Kf2 Nxe2 0-1

[Event "Early-Titled-Tuesday-Blitz-February-06-2024"]
[Site "Chess.com"]
[Date "2024.02.06"]
[Round "9"]
[White "Chessdude1987"]
[Black "SouS007"]
[Result "0-1"]
[WhiteElo "2296"]
[BlackElo "2521"]
[TimeControl "180+1"]
[EndTime "9:41:42 PST"]
[Termination "SouS007 won by resignation"]

1. e4 e6 2. d3 d5 3. Nd2 Nf6 4. c3 Nc6 5. Be2 e5 6. h3 a5 7.
Qc2 Be6 8. Ngf3 g5 9. Nxg5 Rg8 10. Nxe6 fxe6 11. O-O Qd7 12. Nf3 Qg7 13. Nh4 O-O-O 14. g3 Bc5 15. d4 exd4 16. exd5 d3 17. Qxd3 Ne5 18. Nf5 Nxd3 19. Nxg7 Nxf2 20. Rxf2 Rxg7 21. g4 Ne4 22. Bh6 Bxf2+ 23. Kg2 Rg6 24. Bf4 exd5 25. Bf3 Bb6 26. h4 Rf8 27. Be5 Nd2 28. Be2 Rf2+ 0-1

[Event "Early-Titled-Tuesday-Blitz-February-06-2024"]
[Site "Chess.com"]
[Date "2024.02.06"]
[Round "9"]
[White "Mackster23"]
[Black "LileKoridze"]
[Result "1-0"]
[WhiteElo "2752"]
[BlackElo "2422"]
[TimeControl "180+1"]
[EndTime "9:41:44 PST"]
[Termination "Mackster23 won by resignation"]

1. e4 c5 2. Nf3 d6 3. d4 cxd4 4.
Nxd4 Nf6 5. Nc3 a6 6. Bd3 e5 7. Nde2 Be7 8. O-O O-O 9. Ng3 Be6 10. Nd5 Nbd7 11. c4 Nc5 12. Bc2 Rc8 13. b3 b5 14.
cxb5 axb5 15. Nxe7+ Qxe7 16. Qe2 Qb7 17. Bg5 Nfd7 18.
Rfd1 f6 19. Be3 Rc6 20. Rd2 Rfc8 21. Rad1 Qa6 22. Bb1 Nb7 23. Bd3 Qa3 24. Bxb5 Rc1 25. h3 Rxd1+ 26. Rxd1 Ndc5 27. Bc4 Kf7 28. Nf5 Nxe4 29.
Bxe6+ Kxe6 30. Qg4 1-0

[Event "Early-Titled-Tuesday-Blitz-February-06-2024"]
[Site "Chess.com"]
[Date "2024.02.06"]
[Round "9"]
[White "MatthewG-p4p"]
[Black "Gennady_Kozlov"]
[Result "1-0"]
[WhiteElo "2828"]
[BlackElo "2711"]
[TimeControl "180+1"]
[EndTime "9:41:53 PST"]
[Termination "MatthewG-p4p won by resignation"]

1. f4 d5 2. Nf3 c6 3. g3 g6 4. Bg2 Bg7 5. O-O Bg4 6. Nc3 Qc8 7.
d3 Bh3 8. e4 Bxg2 9. Kxg2 e6 10. f5 gxf5 11. exf5 Ne7 12. Ng5 Nxf5 13. Qh5 Qd7 14.
Bd2 Na6 15. Nxe6 Qxe6 16. Rae1 O-O-O 17. Rxe6 fxe6 18. Qf7 Nc7 19. Rxf5 Bxc3 20. Bxc3 exf5 21.
Qxf5+ Kb8 22. Bxh8 Rxh8 23. Qf6 Re8 24. Qf7 b5 25.
Kf2 h6 26. h4 d4 27. g4 Re3 28. g5 hxg5 29. hxg5 Ne6 30. g6 Ng5 31. Qf4+ 1-0

[Event "Early-Titled-Tuesday-Blitz-February-06-2024"]
[Site "Chess.com"]
[Date "2024.02.06"]
[Round "9"]
[White "JohnWhite1952"]
[Black "threemind"]
[Result "1-0"]
[WhiteElo "1974"]
[BlackElo "2113"]
[TimeControl "180+1"]
[EndTime "9:42:09 PST"]
[Termination "JohnWhite1952 won by resignation"]

1. e4 a6 2. d4 b5 3. Bd3 Bb7 4. Nf3 Nf6 5. Qe2 e6 6. Nbd2 Be7 7. O-O d5 8. Re1 c5 9. exd5 Nxd5 10. Ne4 cxd4 11. Nxd4 Nc6 12. Nxc6 Bxc6 13. c3 Nf6 14. Nxf6+ Bxf6 15. Be4 Bxe4 16. Qxe4 O-O 17. Bf4 Qe7 18. Rad1 Rad8 19. Qc6 Rxd1 20. Rxd1 Rd8 21. Rxd8+ Qxd8 22. Qd6 Qxd6 23. Bxd6 a5 24. Kf1 b4 25. cxb4 axb4 26.
Bxb4 Bxb2 27. a4 Bd4 28. Ke2 f5 29. f3 Kf7 30. Kd3 Bg1 31. h3 e5 32. Kc4 e4 33. fxe4 fxe4 34. Kc3 Ke6 35. Kd2 Kd5 36.
Ke2 Kc4 37. Bd2 Kb3 38. a5 Kc4 39. Be3 Bh2 40. a6 1-0

[Event "Early-Titled-Tuesday-Blitz-February-06-2024"]
[Site "Chess.com"]
[Date "2024.02.06"]
[Round "9"]
[White "h4parah5"]
[Black "Zohid6"]
[Result "1-0"]
[WhiteElo "2947"]
[BlackElo "2878"]
[TimeControl "180+1"]
[EndTime "9:42:10 PST"]
[Termination "h4parah5 won by resignation"]

1. Nf3 Nf6 2. c4 e6 3. b3 d5 4. Bb2 Be7 5. e3 O-O 6. Nc3 c5 7. cxd5 exd5 8. d4 Nc6 9. Be2 Bg4 10. dxc5 Bxc5 11. O-O Re8 12. Rc1 Bf8 13. h3 Bh5 14. Nh4 Bxe2 15. Nxe2 Ne4 16. Nf3 Qd7 17. a3 a5 18. Rc2 Rac8 19. Nf4 Red8 20. Qb1 Re8 21. Rd1 Ne7 22. Rxc8 Qxc8 23. Nxd5 Nxd5 24. Rxd5 Qe6 25. Re5 Qc6 26. Nd4 1-0

[Event "Early-Titled-Tuesday-Blitz-February-06-2024"]
[Site "Chess.com"]
[Date "2024.02.06"]
[Round "9"]
[White "InitiatingASC"]
[Black "salomez"]
[Result "0-1"]
[WhiteElo "2414"]
[BlackElo "2308"]
[TimeControl "180+1"]
[EndTime "9:42:14 PST"]
[Termination "salomez won by resignation"]

1. e4 c5 2. Nf3 Nc6 3. Bb5 e6 4.
O-O Nge7 5. Re1 Nd4 6. Bf1 Nec6 7. c3 Nxf3+ 8. Qxf3 Be7 9. a4 O-O 10. Na3 d5 11. d3 Ne5 12. Qh5 Ng6 13. f4 f5 14. e5 Bd7 15. Nc2 Be8 16. Qd1 d4 17.
cxd4 cxd4 18. Bd2 a5 19. Na3 Bc6 20. Nc4 Bh4 21. g3 Qd5 22. gxh4 Qh1+ 23. Kf2 Qxh2+ 0-1

[Event "Early-Titled-Tuesday-Blitz-February-06-2024"]
[Site "Chess.com"]
[Date "2024.02.06"]
[Round "9"]
[White "JiiHart"]
[Black "FMVolodymyrSakun"]
[Result "0-1"]
[WhiteElo "2146"]
[BlackElo "2531"]
[TimeControl "180+1"]
[EndTime "9:42:16 PST"]
[Termination "FMVolodymyrSakun won by resignation"]

1. e4 c5 2. c3 Nf6 3. e5 Nd5 4. d4 cxd4 5. Nf3 Nc6 6. cxd4 d6 7.
Nc3 dxe5 8. dxe5 Nxc3 9. Qxd8+ Nxd8 10. bxc3 Nc6 11. Be3 a6 12. Be2 Bg4 13. a4 O-O-O 14. Rb1 Bf5 15. Rb2 e6 16. O-O Bd3 17. Rd1 Ba3 18.
Ra2 Bxe2 19. Rxd8+ Rxd8 20. Rxe2 Rd1+ 21. Re1 Rxe1+ 22.
Nxe1 Nxe5 23. Bd4 f6 24. Bxe5 fxe5 25. Nd3 e4 26. Nf4 Kd7 27. Kf1 Bd6 28. Nh5 Be5 29.
c4 g6 30. Ng3 Bxg3 31. hxg3 Kd6 32. Ke2 Kc5 33. Ke3 Kxc4 34. Kxe4 b5 35. axb5 axb5 36. Ke5 b4 37. Kxe6 b3 38. f4 b2 39. g4 b1=Q 40.
f5 Qe4+ 41. Kf6 Qxg4 42. fxg6 Qxg6+ 43. Ke5 Qxg2 44. Kf6 h5 0-1

[Event "Early-Titled-Tuesday-Blitz-February-06-2024"]
[Site "Chess.com"]
[Date "2024.02.06"]
[Round "9"]
[White "jlmanzanares"]
[Black "ChessBliss09"]
[Result "0-1"]
[WhiteElo "2034"]
[BlackElo "2140"]
[TimeControl "180+1"]
[EndTime "9:42:17 PST"]
[Termination "ChessBliss09 won by checkmate"]

1. e4 e6 2. d4 d5 3. Nc3 dxe4 4. Nxe4 Nd7 5. Bd3 Ngf6 6. Bg5 h6 7. Bh4 Be7 8. Nxf6+ Nxf6 9. Nf3 c5 10. O-O O-O 11. c3 b6 12. Ne5 Bb7 13. Bc2 Qd5 14. Nf3 Rfd8 15. Re1 cxd4 16. Bb3 Qh5 17. Bxf6 Bxf6 18.
Nxd4 Qg6 19. f3 e5 20. Bc2 Qg5 21. Qd3 g6 22. f4 Qxg2# 0-1

[Event "Early-Titled-Tuesday-Blitz-February-06-2024"]
[Site "Chess.com"]
[Date "2024.02.06"]
[Round "9"]
[White "Roedor"]
[Black "Muracle"]
[Result "0-1"]
[WhiteElo "2333"]
[BlackElo "2475"]
[TimeControl "180+1"]
[EndTime "9:42:21 PST"]
[Termination "Muracle won by resignation"]

1. c4 c6 2. Nf3 d5 3. g3 Nf6 4. Bg2 g6 5. O-O Bg7 6. d4 O-O 7. Ne5 dxc4 8. Nxc4 Nbd7 9. Nc3 Nb6 10. Ne5 Nfd5 11. Nxd5 Nxd5 12. f4 Be6 13. e4 Nc7 14. Be3 f6 15. Nd3 Bf7 16. e5 Bd5 17. f5 fxe5 18.
fxg6 exd4 19. gxh7+ Kh8 20. Rxf8+ Qxf8 21. Nf4 Qf6 22. Qh5 Bf7 23. Qa5 b6 0-1

[Event "Early-Titled-Tuesday-Blitz-February-06-2024"]
[Site "Chess.com"]
[Date "2024.02.06"]
[Round "9"]
[White "Kotofeyca"]
[Black "RantomOpening"]
[Result "1-0"]
[WhiteElo "2442"]
[BlackElo "2534"]
[TimeControl "180+1"]
[EndTime "9:42:27 PST"]
[Termination "Kotofeyca won by resignation"]

1. d4 d5 2. c4 e6 3. cxd5 exd5 4. Nc3 Nf6 5. Bg5 c6 6. Qc2 Bd6 7. e3 O-O 8. Bd3 h6 9. Bh4 Re8 10. Nf3 Be6 11. O-O Nbd7 12. Rab1 Qb8 13. b4 Bg4 14.
Bg3 Bxg3 15. hxg3 b5 16. a4 a6 17. a5 Qd6 18. e4 dxe4 19. Nxe4 Nxe4 20. Bxe4 Rac8 21.
Bf5 Bxf5 22. Qxf5 Nf6 23. Rfc1 Nd5 24. Rc5 Re6 25. Ne5 Rf6 26. Qxc8+ Kh7 27. Rxc6 Qe7 28.
Rxf6 Nxf6 29. Qf5+ g6 30. Qd3 Nd5 31. Qd2 Kg7 32. Nd3 Qe4 33. Re1 Qxd4 34. Qb2 Nc3 35.
Rc1 Ne2+ 36. Qxe2 Qc4 37. Rxc4 1-0

[Event "Early-Titled-Tuesday-Blitz-February-06-2024"]
[Site "Chess.com"]
[Date "2024.02.06"]
[Round "9"]
[White "the_blue_pill"]
[Black "GMT4114"]
[Result "1-0"]
[WhiteElo "2289"]
[BlackElo "1979"]
[TimeControl "180+1"]
[EndTime "9:42:28 PST"]
[Termination "the_blue_pill won by checkmate"]

1. e4 e6 2. d4 d5 3. e5 c5 4. c3 Nc6 5. Nf3 Bd7 6. a3 f6 7. Bd3 Qc7 8. O-O O-O-O 9. b4 c4 10. Bc2 h6 11. Re1 f5 12. a4 Be8 13. Na3 Bh5 14.
Nb5 Qd7 15. a5 g5 16. Ba4 Qg7 17. a6 b6 18. Nd6+ Bxd6 19. exd6 Nb8 20. Rxe6 Nf6 21. Qe1 Ne4 22. Re7 Qf6 23. Rc7# 1-0

[Event "Early-Titled-Tuesday-Blitz-February-06-2024"]
[Site "Chess.com"]
[Date "2024.02.06"]
[Round "9"]
[White "Doublekk14"]
[Black "DinaBelenkaya"]
[Result "0-1"]
[WhiteElo "2298"]
[BlackElo "2432"]
[TimeControl "180+1"]
[EndTime "9:42:29 PST"]
[Termination "DinaBelenkaya won by resignation"]

1. c4 e5 2. Nc3 Nf6 3. e3 Nc6 4. Nf3 Bb4 5. Qc2 O-O 6. d3 d6 7. Be2 Bf5 8. O-O a5 9. a3 Bc5 10. h3 Bg6 11. e4 Nh5 12. Nd5 f5 13. Bg5 Qd7 14. exf5 Bxf5 15. Nxe5 Nxe5 16. Bf3 Bxd3 17. Qd1 Nxf3+ 18. gxf3 Bxf1 19. Qxf1 Rxf3 20. Kh2 Rxf2+ 0-1

[Event "Early-Titled-Tuesday-Blitz-February-06-2024"]
[Site "Chess.com"]
[Date "2024.02.06"]
[Round "9"]
[White "kai_nov"]
[Black "PapaieDudu"]
[Result "0-1"]
[WhiteElo "2290"]
[BlackElo "2419"]
[TimeControl "180+1"]
[EndTime "9:42:31 PST"]
[Termination "PapaieDudu won by resignation"]

1. e4 c5 2. Nf3 d6 3. c3 Nf6 4. Be2 Nc6 5. d4 cxd4 6. cxd4 Nxe4 7. d5 Qa5+ 8. Nc3 Nxc3 9. bxc3 Ne5 10. Nxe5 dxe5 11.
O-O Bd7 12. Be3 g6 13. Rb1 b6 14. Bf3 Rc8 15. Bd2 Bg7 16. c4 Qc5 17. Bb4 Qxc4 18. d6 e6 19. Qd2 O-O 20. Rfc1 Qf4 21. Qe2 Rxc1+ 22. Rxc1 Qxc1+ 0-1

[Event "Early-Titled-Tuesday-Blitz-February-06-2024"]
[Site "Chess.com"]
[Date "2024.02.06"]
[Round "9"]
[White "elchacal664"]
[Black "NowInChess"]
[Result "0-1"]
[WhiteElo "2433"]
[BlackElo "2341"]
[TimeControl "180+1"]
[EndTime "9:42:32 PST"]
[Termination "NowInChess won by resignation"]

1. e4 e6 2. Qe2 c5 3. g3 Nc6 4. c3 g6 5. Bg2 Bg7 6. Nf3 d6 7. O-O Nge7 8. a4 O-O 9. d3 b6 10.
Na3 Bb7 11. h4 d5 12. e5 Qb8 13. Bf4 d4 14. Nc4 dxc3 15. bxc3 Nd5 16. Nd6 Nxc3 17. Qc2 Nd5 18. Nxb7 Qxb7 19. Rfe1 Qd7 20. Qc4 Rad8 21. Rad1 Na5 22. Qe4 Nc3 23. Qe3 Nxd1 24.
Rxd1 Qxa4 25. Rd2 Nb3 26. Re2 Nd4 0-1

[Event "Early-Titled-Tuesday-Blitz-February-06-2024"]
[Site "Chess.com"]
[Date "2024.02.06"]
[Round "9"]
[White "NastyaHn"]
[Black "marsofsilva"]
[Result "1-0"]
[WhiteElo "2373"]
[BlackElo "2087"]
[TimeControl "180+1"]
[EndTime "9:42:33 PST"]
[Termination "NastyaHn won by resignation"]

1. Nc3 d5 2. e4 c6 3. d4 dxe4 4. Nxe4 Nf6 5. Nxf6+ exf6 6. Be3 Bd6 7. Bd3 O-O 8. Ne2 h5 9. c4 Re8 10. Qc2 Nd7 11.
O-O-O Nf8 12. Kb1 Be6 13. Nc3 Bb4 14. d5 cxd5 15. cxd5 Bd7 16. Qb3 a5 17. Na4 b5 18.
Nb6 Rb8 19. Nxd7 Qxd7 20. Bf4 Bd6 21. Bxd6 Qxd6 22. Bxb5 Re4 23. a4 Rb4 24. Qc3 Nd7 25. Rhe1 Nc5 26. Rd4 Rb3 27. Qc2 R3xb5 28. axb5 Rxb5 29.
Re8+ 1-0

[Event "Early-Titled-Tuesday-Blitz-February-06-2024"]
[Site "Chess.com"]
[Date "2024.02.06"]
[Round "9"]
[White "DonkyDonkyDonkey"]
[Black "DavidGavrilescu18"]
[Result "1/2-1/2"]
[WhiteElo "2906"]
[BlackElo "2781"]
[TimeControl "180+1"]
[EndTime "9:42:36 PST"]
[Termination "Game drawn by repetition"]

1. d4 d5 2. Nc3 e6 3. e4 Nf6 4. Bg5 dxe4 5. Nxe4 Nbd7 6. Nxf6+ Nxf6 7. Nf3 h6 8. Bh4 c5 9. Bb5+ Bd7 10. Bxd7+ Qxd7 11. Bxf6 gxf6 12. dxc5 Bxc5 13. Qxd7+ Kxd7 14. Rd1+ Ke7 15. Ke2 Rad8 16. c3 Rhg8 17. g3 Rg4 18. Rxd8 Kxd8 19.
Rd1+ Ke7 20. Nd2 h5 21. Kf3 Ra4 22. a3 f5 23. Nb3 Bb6 24. Nd4 Bxd4 25. Rxd4 Rxd4 26. cxd4 Kd6 27. Ke3 Kd5 28. Kd3 f6 29. f4 a6 30. b3 b6 31. a4 Kd6 32. Ke3 Kd5 33. Kd3 Kd6 34. Kc4 Kc6 35. Kc3 Kd6 36.
Kc4 Kc6 37. Kc3 Kd6 38. Kc4 1/2-1/2

[Event "Early-Titled-Tuesday-Blitz-February-06-2024"]
[Site "Chess.com"]
[Date "2024.02.06"]
[Round "9"]
[White "Maxfan2008"]
[Black "Abund"]
[Result "0-1"]
[WhiteElo "2563"]
[BlackElo "2749"]
[TimeControl "180+1"]
[EndTime "9:42:36 PST"]
[Termination "Abund won by checkmate"]

1. d4 d5 2. c4 c6 3. Nc3 Nf6 4. e3 e6 5. Nf3 Nbd7 6. Bd3 dxc4 7. Bxc4 b5 8. Bd3 Bb7 9. e4 b4 10. Na4 c5 11. e5 Nd5 12. O-O cxd4 13. Nxd4 Be7 14. Re1 O-O 15. Qg4 Kh8 16. Qh3 g6 17.
Bh6 Rg8 18. Rad1 Bg5 19. Nf3 Nf4 20. Nxg5 Nxh3+ 21. gxh3 Qe7 22. Bb5 Rgd8 23. Rd6 Nxe5 24. Rxd8+ Rxd8 25. f4 Nf3+ 26. Kf2 Nxe1 27. Kxe1 f6 28.
Nc5 fxg5 29. Bxg5 Qxc5 30. Bxd8 Qxb5 31. Bf6+ Kg8 32. Be5 Bf3 33. f5 Qe2# 0-1

[Event "Early-Titled-Tuesday-Blitz-February-06-2024"]
[Site "Chess.com"]
[Date "2024.02.06"]
[Round "9"]
[White "Nasrin_Babayeva"]
[Black "Ducke13"]
[Result "0-1"]
[WhiteElo "1935"]
[BlackElo "2285"]
[TimeControl "180+1"]
[EndTime "9:42:49 PST"]
[Termination "Ducke13 won by resignation"]

1. e4 c5 2. d3 d5 3. exd5 Qxd5 4.
Nc3 Qd8 5. Be3 Nd7 6. Nf3 Ngf6 7. Be2 g6 8. O-O Bg7 9. Qd2 O-O 10. Bh6 b6 11. Bxg7 Kxg7 12. d4 cxd4 13. Nxd4 Bb7 14. Bf3 Bxf3 15. Nxf3 Nc5 16. Rad1 Qxd2 17. Rxd2 Rac8 18.
Re1 e6 19. Ne5 a6 20. f3 Rc7 21. Red1 Rfc8 22. Kf2 b5 23. a3 Ne8 24. Nd7 Nxd7 25.
Rxd7 Nf6 26. R7d6 Nd5 27. Nxd5 Rxc2+ 28. Kg3 exd5 29. R1xd5 Rxb2 30. Rxa6 Rcc2 31. Rd7 Rxg2+ 32. Kf4 g5+ 33. Kf5 Rbf2 34. Ke4 Re2+ 35. Kd3 Rd2+ 0-1

[Event "Early-Titled-Tuesday-Blitz-February-06-2024"]
[Site "Chess.com"]
[Date "2024.02.06"]
[Round "9"]
[White "Muslim_player_05"]
[Black "FMStan15"]
[Result "1-0"]
[WhiteElo "2477"]
[BlackElo "2044"]
[TimeControl "180+1"]
[EndTime "9:42:51 PST"]
[Termination "Muslim_player_05 won by resignation"]

1. d4 Nf6 2. c4 g6 3. Nc3 Bg7 4. e4 d6 5. f3 O-O 6. Be3 e5 7. Nge2 c6 8. Qd2 a5 9. h4 h5 10.
O-O-O Nbd7 11. Kb1 Qe7 12. d5 cxd5 13. cxd5 Nc5 14.
Nc1 b6 15. Nd3 Ba6 16. Nf2 Bxf1 17. Rhxf1 Rab8 18. g4 b5 19. Bg5 b4 20. Ne2 b3 21.
a3 Ncd7 22. gxh5 gxh5 23. Rg1 Kh7 24. Ng3 Qe8 25. Nf5 Rg8 26. Bxf6 Nxf6 27. Rxg7+ 1-0

[Event "Early-Titled-Tuesday-Blitz-February-06-2024"]
[Site "Chess.com"]
[Date "2024.02.06"]
[Round "9"]
[White "only_strong_moves"]
[Black "Irishchessman16"]
[Result "1-0"]
[WhiteElo "2661"]
[BlackElo "2497"]
[TimeControl "180+1"]
[EndTime "9:42:52 PST"]
[Termination "only_strong_moves won by resignation"]

1. d4 Nf6 2. Nc3 d5 3. Bf4 e6 4. Nb5 Bb4+ 5. c3 Ba5 6. b4 Bb6 7. a4 a5 8. e3 Nc6 9. Rb1 axb4 10. cxb4 Nxb4 11. Rxb4 Ba5 12. Nxc7+ Kf8 13. Qb3 Bxc7 14.
Bxc7 Qxc7 15. f3 Qc1+ 16. Kf2 g6 17. Ne2 Qd2 18. Qc3 Qa2 19. g4 Kg7 20. g5 Nd7 21. h4 Rxa4 22. h5 Re8 23. hxg6 hxg6 24. Rxa4 Qxa4 25. Qc7 Rh8 26. Rxh8 Kxh8 27. Qxc8+ Kg7 28. Qxb7 e5 29. Qxd5 exd4 30. Nxd4 Qa2+ 31. Qxa2 1-0

[Event "Early-Titled-Tuesday-Blitz-February-06-2024"]
[Site "Chess.com"]
[Date "2024.02.06"]
[Round "9"]
[White "Statham_01"]
[Black "yosephtaher"]
[Result "0-1"]
[WhiteElo "2579"]
[BlackElo "2893"]
[TimeControl "180+1"]
[EndTime "9:42:54 PST"]
[Termination "yosephtaher won by checkmate"]

1. e4 Nf6 2. e5 Nd5 3. f4 d6 4.
Nf3 Nxf4 5. d4 Ng6 6. h4 h5 7. Bd3 Nc6 8. Nc3 Bg4 9. e6 f5 10. d5 Nce5 11. Nxe5 Nxe5 12. Bb5+ c6 13. dxc6 bxc6 14. Qd5 Qb6 15. Ba4 g6 16. Bf4 O-O-O 17. Qd2 Nc4 18. Qd3 Nxb2 19. Qd2 Bg7 20. Rb1 Qa5 21.
O-O Bxc3 22. Qe3 Nxa4 23. Kh1 Nb6 24. Qd3 Bf6 25. Rb3 Kb7 26. Bd2 Qd5 27. Qe3 f4 28.
Qf2 Bd4 29. Qe1 Rhf8 30. a4 f3 31. gxf3 Bxf3+ 32. Kh2 Be5+ 33. Kh3 Bg4# 0-1

[Event "Early-Titled-Tuesday-Blitz-February-06-2024"]
[Site "Chess.com"]
[Date "2024.02.06"]
[Round "9"]
[White "ural58"]
[Black "casparov00000"]
[Result "1-0"]
[WhiteElo "2476"]
[BlackElo "2317"]
[TimeControl "180+1"]
[EndTime "9:42:55 PST"]
[Termination "ural58 won by checkmate"]

1. e4 Nf6 2. e5 Nd5 3. d4 d6 4.
c4 Nb6 5. f4 dxe5 6. fxe5 c5 7.
d5 g6 8. Be3 Bg7 9. Nf3 Bg4 10.
Bxc5 Bxe5 11. Bd4 N8d7 12. Be2 Bxf3 13. gxf3 Qc7 14. Na3 O-O 15. h4 Bg3+ 16. Kf1 Nf6 17. Bxf6 exf6 18. Kg2 Be5 19. Qd2 Rfe8 20. h5 Bf4 21.
Qc2 Re5 22. hxg6 Rg5+ 23. Kf1 hxg6 24. Rd1 Qc5 25. Qd3 Kg7 26. Qd4 Qxd4 27. Rxd4 Be3 28. Rdh4 Rh8 29. Rxh8 Nd7 30. R1h7# 1-0

[Event "Early-Titled-Tuesday-Blitz-February-06-2024"]
[Site "Chess.com"]
[Date "2024.02.06"]
[Round "9"]
[White "djano"]
[Black "KaterynaLagno"]
[Result "0-1"]
[WhiteElo "2608"]
[BlackElo "2813"]
[TimeControl "180+1"]
[EndTime "9:43:05 PST"]
[Termination "KaterynaLagno won on time"]

1. e4 e5 2. Nf3 Nc6 3. d4 exd4 4. Nxd4 Nf6 5. Nxc6 bxc6 6. e5 Qe7 7. Qe2 Nd5 8. c4 Nb6 9. Nc3 Ba6 10. b3 O-O-O 11. g3 Re8 12. f4 f6 13. Bb2 fxe5 14. f5 d5 15. O-O-O Qg5+ 16. Kb1 Qxf5+ 17. Ka1 Bb4 18. Bg2 e4 19. Qe3 dxc4 20. Nxe4 Qa5 21. Bxg7 Rhg8 22. Bd4 Nd5 23. Qf3 Ref8 24. Qh5 cxb3 0-1